 Dungeon Crawl Stone Soup version 0.26-a0-540-g8a0c9464d7 (webtiles) character file.

Game seed: 2106864993006234801

26440 kae the Fighter (level 13, 0/86 HPs)
             Began as a Gargoyle Earth Elementalist on Aug 18, 2020.
             Was an Elder of Vehumet.
             Slain by Rupert
             ... wielding a +2 battleaxe of venom
              (24 damage)
             ... on level 4 of the Lair of Beasts on Aug 19, 2020.
             The game lasted 00:30:46 (20532 turns).

kae the Fighter (Gargoyle Earth Elementalist)      Turns: 20532, Time: 00:30:47

Health: 0/86       AC: 18    Str: 11    XL:     13   Next: 26%
Magic:  5/23       EV: 15    Int: 22    God:    Vehumet [****..]
Gold:   1458       SH:  0    Dex: 10    Spells: 6/26 levels left

rFire    . . .     SeeInvis +   u - +8 glaive of the Guard {elec, +Rage AC+5 SInv}
rCold    . . .     Faith    .   (shield currently unavailable)
rNeg     + + .     Spirit   .   c - +0 robe
rPois    ∞         Reflect  .   (no helmet)
rElec    +         Harm     .   (no cloak)
rCorr    .                      f - +1 pair of gloves
MR       .....                  (no boots)
Stlth    ++........             (no amulet)
HPRegen  0.24/turn              D - ring of wizardry
MPRegen  0.18/turn              s - ring of positive energy

@: no status effects
A: negative energy resistance 1, electricity resistance, unbreathing,
petrification resistance, rot immunity, AC +9
a: Renounce Religion, Evoke Berserk Rage


You were on level 4 of the Lair of Beasts.
You worshipped Vehumet.
Vehumet was greatly pleased with you.
You visited 3 branches of the dungeon, and saw 17 of its levels.
You also visited: Bailey.

You collected 1583 gold pieces.
You spent 125 gold pieces at shops.

Inventory:

Hand Weapons
 d - a +3 mace of protection
 u - the +8 glaive of the Guard (weapon) {elec, +Rage AC+5 SInv}
   (You acquired it on level 11 of the Dungeon)

   Occasionally, upon striking a foe, it will discharge some electrical energy
   and cause terrible harm.
   It affects your AC (+5).
   It lets you see invisible.
   It lets you go berserk.
Missiles
 b - 104 stones (quivered)
Armour
 c - a +0 robe (worn)
 f - a +1 pair of gloves (worn)
Magical Staves
 l - an uncursed staff of wizardry
Jewellery
 i - an uncursed ring of flight
 s - a ring of positive energy (right hand)
 C - an uncursed ring of ice
 D - a ring of wizardry (left hand)
Wands
 t - a wand of paralysis (18)
 w - a wand of flame (9)
 A - a wand of enslavement (10)
Scrolls
 h - 4 scrolls of teleportation
 m - 6 scrolls of enchant weapon
 p - 5 scrolls of remove curse
 q - 7 scrolls of identify
 y - a scroll of blinking
 E - 2 scrolls of magic mapping
 F - a scroll of fear
Potions
 a - 2 potions of invisibility
 e - 2 potions of stabbing
 g - a potion of ambrosia
 j - 4 potions of degeneration
 k - 5 potions of brilliance
 n - 2 potions of resistance
 o - 3 potions of lignification
 r - 2 potions of cancellation
 v - a potion of flight
 x - a potion of haste
 z - a potion of curing
 B - a potion of berserk rage


   Skills:
 - Level 12.0 Fighting
 + Level 10.1(10.5) Polearms
 - Level 4.8(8.6) Staves
 + Level 6.8 Dodging
 - Level 2.1 Stealth
 - Level 7.0 Spellcasting
 - Level 7.0 Conjurations
 - Level 0.7 Transmutations
 - Level 10.5 Earth Magic


You had 6 spell levels left.
You knew the following spells:

 Your Spells              Type           Power        Failure   Level
a - Sandblast             Erth           ######       1%          1
b - Passwall              Tmut/Erth      ####....     1%          2
c - Stone Arrow           Conj/Erth      #####.       1%          3
d - Lee's Rapid Deconstr  Erth           ######....   1%          5
e - Fireball              Conj/Fire      ###.......   6%          5
f - Petrify               Tmut/Erth      ####....     3%          4

Your spell library contained the following spells:

 Spells                   Type           Power        Failure   Level
 Olgreb's Toxic Radiance  Pois           #.......     10%         4
 Foxfire                  Conj/Fire      ###.         1%          1
 Magic Dart               Conj           ####         1%          1
 Conjure Flame            Conj/Fire      ###.....     1%          3
 Mephitic Cloud           Conj/Pois/Air  ###.....     1%          3
 Sticky Flame             Conj/Fire      ###.....     2%          4
 Animate Skeleton         Necr           #.....       3%          1
 Apportation              Tloc           #.....       3%          1
 Corona                   Hex            #......      3%          1
 Pain                     Necr           #...         3%          1
 Summon Small Mammal      Summ           #...         3%          1
 Inner Flame              Hex/Fire       #.......     3%          3
 Blink                    Tloc           N/A          4%          2
 Call Imp                 Summ           #.......     4%          2
 Slow                     Hex            #.......     4%          2
 Call Canine Familiar     Summ           #.......     10%         3
 Summon Guardian Golem    Hex/Summ       #.......     10%         3
 Vampiric Draining        Necr           #.........   10%         3
 Animate Dead             Necr           #.........   32%         4
 Summon Ice Beast         Ice/Summ       #.......     32%         4
 Summon Lightning Spire   Summ/Air       #.......     32%         4
 Agony                    Necr           #.......     63%         5


Dungeon Overview and Level Annotations

Branches:
Dungeon (12/15)            Temple (1/1) D:7            Lair (4/6) D:9
 Shoals (0/4) Lair:4       Spider (0/4) Lair:4          Orc (0/2) D:12
 Bailey (visited)

Altars:
Ashenzari
Cheibriados
Dithmenos
Elyvilon
Fedhas
Gozag
Hepliaklqana
Kikubaaqudgha
Makhleb
Nemelex Xobeh
Okawaru
Qazlal
Ru
Sif Muna
Trog
Uskayaw
Vehumet
Wu Jian
Xom
Yredelemnul
Zin
The Shining One

Shops:
D:4 *   D:5 ?   D:7 ?

Annotations:
D:3 1 transporter, ZZKoverts's ghost, amateur FoFi
D:9 3 runed translucent doors, Ewyn99's ghost, novice MiBe
Lair:4 Rupert


Innate Abilities, Weirdness & Mutations

You are resistant to torment.
Your stone body is resilient. (AC +9)
You are immune to poison.
You resist negative energy. (rN+)
You are resistant to electric shocks. (rElec)
You can survive without breathing.
You are immune to petrification.
You are immune to rotting.


Message History

Rupert closely misses you.
Casting: Sandblast (safe; 1% risk of failure)
Confirm with . or Enter, or press ? or * to list all spells.
Aiming: Stone Arrow (safe; 1% risk of failure)
Press: ? - help, Shift-Dir - straight line, f/p - Rupert
Aim: Rupert, wielding a +2 battleaxe of venom and wearing a +0 leather armour (severely wounded, berserk)
The stone arrow hits Rupert!!
Rupert is severely wounded.
Rupert hits you with a +2 battleaxe of venom!!
* * * LOW HITPOINT WARNING * * *
Casting: Stone Arrow (safe; 1% risk of failure)
Confirm with . or Enter, or press ? or * to list all spells.
Aiming: Sandblast (safe; 1% risk of failure)
Press: ? - help, Shift-Dir - straight line, f/p - Rupert
Aim: Rupert, wielding a +2 battleaxe of venom and wearing a +0 leather armour (severely wounded, berserk)
The blast of sand hits Rupert!
Rupert is almost dead.
b - 104 stones Rupert hits you with a +2 battleaxe of venom!!
You die...

.....# # ##.8.##.#..#..##.8.#..#
...>.#
#.#.............#.....#...
....## #.8.<....F.8...+..>.8#...
#....†..............# .. .
#.8..#..#.##.##.8..#... .
####.##...†..##.#.#.... .
##.....###+#.##.#....... .
#P....†#.....##.........
##....#@#............... ##
#.....#.@...#.#.........
#..####.......8...≈≈........
#........^.........≈.......#
###)..............#.≈≈..|.....
#.##...#P.#.....#......#≈.......
.......#..##..#.#......≈≈...(...
....#....P#.#.##...............
..........................##..


You could see Rupert (berserk).

Vanquished Creatures
  Snorg (Lair:4)
  Fannar (Lair:1)
  2 hydras
  A two-headed ogre (D:10)
  An orc knight (Bailey)
  A manticore (Lair:4)
  An orb spider (Lair:4)
  5 elephants
  2 centaur skeletons
  7 cane toads
  A rime drake (Lair:2)
  6 komodo dragons
  A hornet (D:12)
  5 blink frogs (Lair:4)
  4 hippogriffs
  A basilisk (Lair:1)
  A water elemental (D:12)
  24 yaks
  4 vampire mosquitoes (D:11)
  Edmund (D:4)
  6 water moccasins
  Duvessa (D:6)
  7 porcupines
  16 orc warriors
  5 ice beasts
  2 sky beasts (D:7)
  A black bear (D:5)
  3 phantoms
  14 wolves
  6 centaurs
  12 crocodiles
  Blork the orc (D:5)
  2 big kobolds
  11 bullfrogs
  2 scorpions (D:4)
  A wyvern skeleton (D:10)
  Dowan (D:6)
  18 wights
  2 electric eels (D:12)
  A centaur zombie (D:7)
  A quasit (D:12)
  3 jellies
  A bullfrog zombie (D:9)
  3 hounds
  7 orc priests (D:12)
  7 orc wizards
  5 iguanas
  10 worker ants
  3 hound zombies
  2 hound skeletons
  Robin (D:4)
  A howler monkey zombie (D:11)
  A worker ant zombie (D:11)
  14 gnolls
  8 adders
  A shadow imp (D:9)
  4 white imps
  2 ufetubi
  An ooze (D:2)
  An adder skeleton (D:5)
  An adder zombie (D:8)
  3 worms
  4 dart slugs
  7 leopard geckos
  36 orcs
  3 ball pythons
  7 bats
  5 giant cockroaches
  18 goblins
  11 hobgoblins
  6 jackals
  21 kobolds
  5 quokkas
  4 frilled lizards
  A jackal skeleton (D:3)
  9 rats
  A fungus (Lair:2)
400 creatures vanquished.

Vanquished Creatures (others)
  2 bushes (D:9)
  3 fungi
  15 plants
20 creatures vanquished.

Grand Total: 420 creatures vanquished

Notes
Turn   | Place    | Note
-------+----------+-------------------------------------------
     0 | D:1      | kae the Gargoyle Earth Elementalist began the quest for the
                  | Orb.
     0 | D:1      | Reached XP level 1. HP: 10/10 MP: 3/3
   325 | D:1      | Reached XP level 2. HP: 15/15 MP: 0/5
   728 | D:1      | Reached XP level 3. HP: 19/19 MP: 0/6
  1504 | D:2      | Reached skill level 5 in Earth Magic
  1628 | D:2      | Reached XP level 4. HP: 24/24 MP: 5/8
  1668 | D:2      | Learned a level 2 spell: Passwall
  1673 | D:2      | Learned a level 3 spell: Stone Arrow
  1968 | D:2      | Reached XP level 5. HP: 27/28 MP: 4/9
  2171 | D:2      | Found a bloodstained altar of Trog.
  2319 | D:2      | Found a snail-covered altar of Cheibriados.
  2974 | D:3      | Found a transporter.
  2977 | D:3      | Noticed ZZKoverts's ghost (amateur FoFi)
  2978 | D:3      | Identified the cursed +1 great mace of the Endless March
                  | {flame, *Noise *Corrode rElec MR+++}
  2978 | D:3      | Noticed an ogre
  2978 | D:3      | Noticed an ogre
  2989 | D:3      | Found a faded altar of an unknown god.
  3015 | D:3      | Noticed an ogre
  3215 | D:3      | Reached XP level 6. HP: 32/32 MP: 9/11
  3567 | D:4      | Noticed Robin
  3578 | D:4      | Reached XP level 7. HP: 36/36 MP: 3/13
  3595 | D:4      | Killed Robin
  3717 | D:4      | Found Wyxye's Assorted Antiques.
  3720 | D:4      | Bought a coppery potion for 21 gold pieces
  3876 | D:4      | Noticed Edmund
  3892 | D:4      | Killed Edmund
  4190 | D:5      | Entered Level 5 of the Dungeon
  4367 | D:5      | Found Yttem's Magic Scroll Emporium.
  4423 | D:5      | Bought a scroll of identify for 26 gold pieces
  4423 | D:5      | Bought a scroll of identify for 26 gold pieces
  4423 | D:5      | Bought a scroll of identify for 26 gold pieces
  4524 | D:5      | Reached XP level 8. HP: 41/41 MP: 7/15
  4633 | D:5      | Reached skill level 5 in Spellcasting
  4730 | D:5      | Found an ancient bone altar of Kikubaaqudgha.
  4735 | D:5      | Found a blossoming altar of Fedhas.
  4735 | D:5      | Found an ornate altar of the Wu Jian Council.
  4736 | D:5      | Found a hide-covered altar of Uskayaw.
  4737 | D:5      | Found a shattered altar of Ashenzari.
  4755 | D:5      | Found a stormy altar of Qazlal.
  4884 | D:5      | Reached skill level 10 in Earth Magic
  5002 | D:5      | Found an iron altar of Okawaru.
  5012 | D:5      | Noticed Blork the orc
  5019 | D:5      | Killed Blork the orc
  5554 | D:6      | Learned a level 5 spell: Lee's Rapid Deconstruction
  5612 | D:6      | Found a shadowy altar of Dithmenos.
  5723 | D:6      | Noticed Dowan
  5724 | D:6      | Noticed Duvessa
  5729 | D:6      | Killed Dowan
  5729 | D:6      | Reached skill level 1 in Conjurations
  5736 | D:6      | Killed Duvessa
  6261 | D:6      | Reached XP level 9. HP: 45/45 MP: 16/18
  7155 | D:7      | Found Tejer's Magic Scroll Shoppe.
  7163 | D:7      | Bought a scroll of identify for 26 gold pieces
  7547 | D:7      | Reached skill level 5 in Conjurations
  7586 | D:7      | Found a glowing golden altar of the Shining One.
  7699 | D:7      | Found a staircase to the Ecumenical Temple.
  8144 | Temple   | Entered the Ecumenical Temple
  8357 | Temple   | Became a worshipper of Vehumet
  8567 | D:8      | Reached skill level 1 in Fighting
  8586 | D:8      | Reached skill level 2 in Fighting
  8649 | D:8      | Found a flagged portal.
  8739 | D:8      | Noticed a cyclops
  8739 | D:8      | HP: 2/49 [cyclops/large rock (47)]
  8832 | Bailey   | Entered a bailey
  8847 | Bailey   | Reached skill level 3 in Fighting
  8921 | Bailey   | Noticed an orc knight
  9009 | Bailey   | Reached skill level 4 in Fighting
  9778 | Bailey   | Reached skill level 5 in Fighting
 10022 | Bailey   | Reached XP level 10. HP: 46/59 MP: 13/20
 10097 | Bailey   | Killed an orc knight
 10097 | Bailey   | Reached skill level 6 in Fighting
 10214 | Bailey   | Reached skill level 7 in Fighting
 10884 | D:8      | Reached * piety under Vehumet
 10884 | D:8      | Offered knowledge of Foxfire by Vehumet.
 11014 | D:9      | Reached skill level 8 in Fighting
 11277 | D:9      | Found a runed translucent gate.
 11277 | D:9      | Found a runed translucent gate.
 11277 | D:9      | Found a runed translucent gate.
 11327 | D:9      | Noticed a spectral centaur warrior
 11329 | D:9      | Noticed Ewyn99's ghost (novice MiBe)
 11489 | D:9      | Reached skill level 9 in Fighting
 11691 | D:9      | Found a staircase to the Lair.
 11965 | D:10     | Entered Level 10 of the Dungeon
 12005 | D:10     | Reached ** piety under Vehumet
 12005 | D:10     | Offered knowledge of Freeze by Vehumet.
 12105 | D:10     | Reached skill level 10 in Fighting
 12371 | D:10     | Noticed a two-headed ogre
 12376 | D:10     | Killed a two-headed ogre
 12376 | D:10     | Reached skill level 11 in Fighting
 12376 | D:10     | Reached XP level 11. HP: 71/74 MP: 18/21
 13357 | D:11     | Reached skill level 12 in Fighting
 13359 | D:11     | Reached skill level 1 in Staves
 13681 | D:11     | Offered knowledge of Static Discharge by Vehumet.
 13949 | D:11     | Identified a scroll of acquirement
 13949 | D:11     | Acquired the +8 glaive of the Guard {elec, +Rage AC+5 SInv}
 13950 | D:11     | Found the +8 glaive of the Guard {elec, +Rage AC+5 SInv}
 13983 | D:12     | Reached *** piety under Vehumet
 14102 | D:12     | Reached skill level 1 in Polearms
 14174 | D:12     | Learned a level 5 spell: Fireball
 14179 | D:12     | Learned a level 4 spell: Petrify
 14561 | D:12     | Offered knowledge of Ignite Poison by Vehumet.
 14612 | D:12     | Noticed a six-headed hydra
 14624 | D:12     | Killed a six-headed hydra
 15243 | D:12     | Found a staircase to the Orcish Mines.
 15524 | D:9      | Reached skill level 5 in Polearms
 15648 | Lair:1   | Entered Level 1 of the Lair of Beasts
 15973 | Lair:1   | Reached XP level 12. HP: 81/81 MP: 10/22
 16106 | Lair:1   | Noticed Fannar
 16432 | Lair:1   | Killed Fannar
 17106 | Lair:2   | Reached **** piety under Vehumet
 17510 | Lair:2   | Offered knowledge of Olgreb's Toxic Radiance by Vehumet.
 18332 | Lair:3   | Noticed a five-headed hydra
 18339 | Lair:3   | Killed a five-headed hydra
 18924 | Lair:4   | Reached skill level 5 in Dodging
 19209 | Lair:4   | Found a staircase to the Shoals.
 19229 | Lair:4   | Noticed Rupert
 19234 | Lair:4   | Paralysed by Rupert for 5 turns
 19599 | Lair:4   | Reached XP level 13. HP: 80/86 MP: 13/23
 19603 | Lair:4   | Noticed Snorg
 19994 | Lair:4   | Found a hole to the Spider Nest.
 20064 | Lair:4   | Killed Snorg
 20064 | Lair:4   | Reached skill level 10 in Polearms
 20532 | Lair:4   | Slain by Rupert

Illustrated notes

Levels and vault maps discovered:
D:1:      dpeg_arrival_morbid_curiosity, layout_basic
D:2:      layout_rooms, kennysheep_flooded_box, trog_book
D:3:      layout_rooms, gammafunk_ghost_smash,
          chequers_ecumenical_altar_simple_redux, kennysheep_generic_room_2
D:4:      layout_basic, serial_shops, kennysheep_mini_moat, item_on_display_a,
          uniq_robin, uniq_edmund
D:5:      black_bear_nest_1, layout_basic, kennysheep_little_box, minitemple,
          basic_altar, serial_shops, shop, serial_bayou_pond_b,
          uniq_blork_the_orc
D:6:      layout_basic, lemuel_round_altar, uniq_duvessa
D:7:      layout_gridville, minmay_temple_entry_hall, serial_shops, shop,
          basic_altar
D:8:      layout_basic, basic_altar, lightli_bailey_entry_fortress
D:9:      layout_irregular_city, minmay_lair_entry_grove,
          gammafunk_ghost_necromancy
D:10:     layout_rooms
D:11:     layout_loops_ring
D:12:     layout_cave_pools, erik_orc_2
Temple:   regret_index_temple_generic_petals
Lair:1:   layout_misc_corridors, guppyfry_lair_drakes, uniq_fannar
Lair:2:   layout_cave_pods
Lair:3:   layout_roguey
Lair:4:   layout_gridlike, minmay_shoals_entry_beasts,
          nicolae_spider_entry_orb_guardian, grunt_megastairs_1, uniq_rupert,
          uniq_snorg

Skill      XL: |  1  2  3  4  5  6  7  8  9 10 11 12 13 |
---------------+----------------------------------------+-----
Earth Magic    | 4 5 6 7 9 10 | 10.5
Spellcasting   | 3 4 6 7 |  7.0
Conjurations   | 3 7 |  7.0
Fighting       | 5 11 12 | 12.0
Staves         | 4 |  4.8
Polearms       | 6 9 10 | 10.1
Dodging        | 5 6 |  6.8
Stealth        | |  2.1
Transmutations | |  0.7

Action                   |  1- 3 |  4- 6 |  7- 9 | 10-12 | 13-15 || total
-------------------------+-------+-------+-------+-------+-------++-------
Melee: Unarmed           |    21 |       |       |       |       ||    21
       Mace              |    30 |    40 |    12 |    13 |       ||    95
       Staff             |       |       |    36 |    14 |       ||    50
       Glaive            |       |       |       |    67 |    24 ||    91
 Cast: Sandblast         |    53 |    89 |    96 |   275 |    24 ||   537
       Stone Arrow       |       |       |    90 |   149 |    38 ||   277
       Lee's Rapid Decon |       |       |       |     4 |       ||     4
       Fireball          |       |       |       |     1 |       ||     1
Evoke: Wand              |       |       |       |     2 |       ||     2
  Use: Scroll            |     4 |     5 |    13 |     7 |       ||    29
       Potion            |       |       |     1 |     6 |       ||     7
 Stab: Sleeping          |     1 |     1 |       |     3 |       ||     5
Armor: Robe              |    45 |    32 |    44 |   111 |    30 ||   262
       Skin              |       |       |       |     9 |       ||     9
Dodge: Dodged            |    66 |    46 |    86 |   201 |    49 ||   448

Table legend: (Time is in decaauts)
 A = Elapsed time spent in this place.
 B = Non-inter-level travel time spent in this place.
 C = Inter-level travel time spent in this place.
 D = Time resting spent in this place.
 E = Time spent auto-exploring this place.
 F = Levels seen in this place.
 G = Mean time per level.
                   A        B        C        D        E       F      G
               +--------+--------+--------+--------+--------+-----+--------+
         Total |  20644 |  20016 |    628 |   4888 |  12505 |  18 | 1146.9 |
       Dungeon |  13640 |  13163 |    477 |   2295 |   9008 |  12 | 1136.7 |
        Temple |    222 |    190 |     32 |      0 |    184 |   1 |  222.0 |
          Lair |   4914 |   4796 |    118 |    939 |   3265 |   4 | 1228.5 |
        Bailey |   1867 |   1867 |      0 |   1654 |     47 |   1 | 1867.0 |
               +--------+--------+--------+--------+--------+-----+--------+

Top non-repeatable levels by time:
  Bailey: 1867 daAuts
     D:1: 1582 daAuts
     D:6: 1474 daAuts
    D:12: 1473 daAuts
     D:5: 1363 daAuts
  Lair:2: 1286 daAuts
  Lair:4: 1257 daAuts
  Lair:3: 1223 daAuts
    D:10: 1189 daAuts
     D:7: 1158 daAuts
  Lair:1: 1146 daAuts
     D:9: 1084 daAuts
     D:4: 952 daAuts
    D:11: 902 daAuts
     D:2: 888 daAuts
